 Dungeon Crawl Stone Soup version 0.31-a0-590-g8a5a4361df (webtiles) character file.

Game seed: 15783754096326337131

63 nomicflux the Conjurer (level 3, -1/30 HPs)
             Began as a Draconian Conjurer on Aug 19, 2023.
             Slain by Crazy Yiuf
             ... wielding a +4 quarterstaff of chaos
              (9 damage)
             ... on level 2 of the Dungeon.
             The game lasted 00:07:05 (2448 turns).

nomicflux the Conjurer (Draconian Conjurer)         Turns: 2448, Time: 00:07:05

Health: -1/30      AC:  5    Str:  9    XL:     3   Next: 87%
Magic:  0/6        EV: 12    Int: 20    God:
Gold:   28         SH:  0    Dex:  9    Spells: 3/6 levels left

rFire   . . .        i - +2 dagger (venom)
rCold   . . .        (no shield)
rNeg    . . .        (body armour unavailable)
rPois   .            (helmet restricted)
rElec   .            (no cloak)
rCorr   +            (no gloves)
SInv    .            (no boots)
Will    .....        (no amulet)
Stlth   ++           m - ring of resist corrosion
HPRegen 0.25/turn    (no ring)
MPRegen 0.10/turn

%: no passive effects
@: no status effects
A: AC +5, unfitting armour, cold-blooded
a: no special abilities


You were on level 2 of the Dungeon.
You visited 1 branch of the dungeon, and saw 2 of its levels.

You collected 68 gold pieces.
You spent 40 gold pieces at shops.

Inventory:

Hand Weapons
 g - a +0 falchion
 i - a +2 dagger of venom (weapon)
 j - a +3 short sword
Jewellery
 m - a ring of resist corrosion (left hand)
Talismans
 b - a flux talisman
Scrolls
 c - a scroll of amnesia {unknown}
 e - a scroll of silence {unknown}
 f - 4 scrolls of identify {unknown}
 h - a scroll of fear {unknown}
 l - a scroll of teleportation {unknown}
 n - a scroll of fog
Potions
 a - a potion of magic
 d - a potion of curing {unknown}
 k - a potion of cancellation {unknown}


   Skills:
 + Level 2.6 Fighting
 - Level 1.7 Dodging
 - Level 1.7 Stealth
 - Level 2.0 Spellcasting
 + Level 4.8 Conjurations


You had 3 spell levels left.
You knew the following spells:

 Your Spells              Type           Power      Damage    Failure   Level
a - Magic Dart            Conj           84%        1d7       2%          1
b - Searing Ray           Conj           42%        2d6       3%          2

Your spell library contained the following spells:

 Spells                   Type           Power      Damage    Failure   Level
 Dazzling Flash           Conj/Hex       22%        N/A       17%         3
 Sublimation of Blood     Necr           2%         N/A       24%         2
 Fulminant Prism          Conj/Hex       5%         3d7       50%         4
 Iskenderun's Mystic Bla  Conj/Tloc      11%        2d4       50%         4
 Petrify                  Tmut/Erth      2%         N/A       83%         4
 Irradiate                Conj/Tmut      5%         3d13      85%         5


Dungeon Overview and Level Annotations

Branches:
Dungeon (2/15)

Altars:

Shops:
D:2 *

Annotations:
D:2 Crazy Yiuf


Innate Abilities, Weirdness & Mutations

Your plain brown scales are hard. (AC +5)
You cannot fit into any form of body armour.
You are cold-blooded and may be slowed by cold attacks.


Message History

There is an open translucent door here.
There is an entrance to Yrops's General Store here.
n - a scroll of fog Thank you for shopping at Yrops's General Store!
Okay, then.
There is an open translucent door here.
Crazy Yiuf shouts!
Crazy Yiuf twirls on the spot.
You open the door.
Casting: Magic Dart (safe; 2% risk of failure)
Confirm with . or Enter, or press ? or * to list all spells.
Aiming: Searing Ray (safe; 3% risk of failure)
Press: ? - help, Shift-Dir - straight line, f - Crazy Yiuf
Aim: Crazy Yiuf, wielding a +4 quarterstaff of chaos and wearing a +0 cloak (81% to hit)
The searing ray hits Crazy Yiuf.
Crazy Yiuf is lightly wounded. (Press . to maintain the ray.) Crazy Yiuf glowers.
Crazy Yiuf misses you.
The searing ray hits Crazy Yiuf!
Crazy Yiuf is heavily wounded.
Crazy Yiuf hits you with a +4 quarterstaff of chaos!
Crazy Yiuf burns you.
The searing ray hits Crazy Yiuf.
Crazy Yiuf is severely wounded.
Crazy Yiuf hits you with a +4 quarterstaff of chaos!
* * * LOW HITPOINT WARNING * * *
The searing ray misses Crazy Yiuf.
You finish channelling your searing ray.
Crazy Yiuf closely misses you.
Casting: Searing Ray (safe; 3% risk of failure)
Confirm with . or Enter, or press ? or * to list all spells.
Aiming: Magic Dart (safe; 2% risk of failure)
Press: ? - help, Shift-Dir - straight line, f/p - Crazy Yiuf
Aim: Crazy Yiuf, wielding a +4 quarterstaff of chaos and wearing a +0 cloak (severely wounded, 100% to hit)
The magic dart hits Crazy Yiuf.
Crazy Yiuf is severely wounded.
Crazy Yiuf glowers.
Crazy Yiuf hits you with a +4 quarterstaff of chaos!
You die...

.########.......#########.#
.# #######.....# #.######
.# #####.# ##......# .##
### #...†...# ..# ###.....#
#.#### ######## #.....#
#....###....#.### ###
#.....#
####.........#..##...#
#.....# ###......####@g...#
####### ##....## ###..)#
###### ###


You could see Crazy Yiuf.

Vanquished Creatures
  2 worms (D:2)
  4 ball pythons
  8 endoplasms
  5 giant cockroaches
  A goblin (D:2)
  4 hobgoblins
  2 jackals (D:1)
  8 kobolds
  4 quokkas
  2 bats
  4 frilled lizards
  4 rats
48 creatures vanquished.

Notes
Turn   | Place    | Note
-------+----------+-------------------------------------------
     0 | D:1      | nomicflux the Draconian Conjurer began the quest for the
                  | Orb.
     0 | D:1      | Reached XP level 1. HP: 14/14 MP: 3/3
   215 | D:1      | Reached skill level 1 in Fighting
   288 | D:1      | Reached XP level 2. HP: 23/23 MP: 1/5
   291 | D:1      | Learned a level 2 spell: Searing Ray
   952 | D:1      | Reached XP level 3. HP: 29/29 MP: 1/6
  2330 | D:2      | Found Yrops's General Store.
  2348 | D:2      | Found a runed translucent door.
  2375 | D:2      | Bought a scroll of fog for 40 gold pieces
  2440 | D:2      | Noticed Crazy Yiuf
  2448 | D:2      | Slain by Crazy Yiuf

Illustrated notes

Levels and vault maps discovered:
D:1:      evilmike_arrival_fibonacci_small, layout_loops_ring, minmay_tall_x
D:2:      layout_rooms, serial_shops, nicolae_shop_tiny_glass,
          uniq_crazy_yiuf_cottage

Skill      XL: |  1  2 |
---------------+-------+-----
Fighting       | 1 2 |  2.6
Dodging        | |  1.7
Stealth        | |  1.7
Spellcasting   | |  2.0
Conjurations   | |  4.8

Action                     || total
---------------------------++-------
  Melee: Unarmed           ||     3
         Tailslap          ||     1
         Dagger            ||     3
   Cast: Magic Dart        ||    66
         Searing Ray       ||    14
 Armour: Skin              ||     8
  Dodge: Dodged            ||    15

Table legend: (Time is in decaauts)
 A = Elapsed time spent in this place.
 B = Non-inter-level travel time spent in this place.
 C = Inter-level travel time spent in this place.
 D = Time resting spent in this place.
 E = Time spent auto-exploring this place.
 F = Levels seen in this place.
 G = Mean time per level.
                   A        B        C        D        E       F      G
               +--------+--------+--------+--------+--------+-----+--------+
         Total |   2446 |   2360 |     86 |    889 |   1010 |   2 | 1223.0 |
       Dungeon |   2446 |   2360 |     86 |    889 |   1010 |   2 | 1223.0 |
               +--------+--------+--------+--------+--------+-----+--------+

Top non-repeatable levels by time:
     D:1: 1415 daAuts
     D:2: 1031 daAuts
